 Dungeon Crawl Stone Soup version 0.28.0-53-g5a82cb258f (webtiles) character file.

Game seed: 13360462755889470475

445 Metae the Skirmisher (level 6, -4/58 HPs)
             Began as a Minotaur Fighter on July 11, 2022.
             Killed from afar by a steam dragon (11 damage)
             ... with a ball of steam
             ... on level 4 of the Dungeon.
             The game lasted 00:12:03 (3238 turns).

Metae the Skirmisher (Minotaur Fighter)             Turns: 3238, Time: 00:12:04

Health: -4/58      AC:  9    Str: 23    XL:     6   Next: 72%
Magic:  5/5        EV:  7    Int:  5    God:
Gold:   152        SH:  4    Dex:  9    Spells: 5/5 levels left

rFire   . . .      SeeInvis .   a - +0 war axe
rCold   . . .      Faith    .   c - +0 buckler
rNeg    + . .      Spirit   .   e - +0 chain mail
rPois   .          Reflect  .   (helmet restricted)
rElec   .          Harm     .   (no cloak)
rCorr   .          Rampage  .   (no gloves)
Will    .....                   (no boots)
Stlth   ..........              (no amulet)
HPRegen 0.19/turn               s - ring of positive energy
MPRegen 0.09/turn               (no ring)

@: no status effects
A: horns 2, retaliatory headbutt
a: no special abilities


You were on level 4 of the Dungeon.
You visited 1 branch of the dungeon, and saw 4 of its levels.

You collected 174 gold pieces.
You spent 22 gold pieces at shops.

Inventory:

Hand Weapons
 a - a +0 war axe (weapon)
Missiles
 n - 5 poisoned darts (quivered)
 r - 8 sling bullets
Armour
 c - a +0 buckler (worn)
 e - a +0 chain mail (worn)
Jewellery
 s - a ring of positive energy (left hand)
Scrolls
 f - a scroll of torment {unknown}
 g - 2 scrolls of amnesia
 m - a scroll of magic mapping
 p - a scroll of teleportation {unknown}
 q - a scroll of fog {unknown}
 t - a scroll of immolation {unknown}
 u - a scroll of enchant weapon {unknown}
Potions
 b - 2 potions of heal wounds {unknown}
 d - a potion of might
 h - a potion of invisibility {unknown}
 i - 3 potions of curing
 j - 2 potions of mutation
 k - a potion of ambrosia {unknown}
 l - a potion of lignification {unknown}
 o - a potion of haste {unknown}


   Skills:
 + Level 6.5 Fighting
 + Level 5.8 Axes
 + Level 5.1 Armour
 - Level 3.6 Shields


You had 5 spell levels left.
You didn't know any spells.
Your spell library contained the following spells:

 Spells                   Type           Power      Damage    Failure   Level
 Animate Skeleton         Necr           0%         N/A       99%         1
 Apportation              Tloc           0%         N/A       99%         1
 Slow                     Hex            0%         N/A       99%         1
 Summon Small Mammal      Summ           0%         N/A       99%         1
 Confusing Touch          Hex            0%         N/A       100%        3
 Portal Projectile        Hex/Tloc       0%         N/A       100%        3
 Vampiric Draining        Necr           0%         2d6       100%        3
 Blade Hands              Tmut           0%         N/A       100%        5
 Excruciating Wounds      Necr           0%         N/A       100%        5


Dungeon Overview and Level Annotations

Branches:
Dungeon (4/15)
 Temple: D:4-7

Altars:

Shops:
D:2 (*[(*


Innate Abilities, Weirdness & Mutations

You have a pair of horns on your head.
You reflexively headbutt those who attack you in melee.


Message History

b - 2 puce potions (gained 1)
s - a ring of positive energy
There are no items here.
s - a ring of positive energy (left hand)
t - a scroll labelled HEQOIPA REDY
u - a scroll labelled FAOJ BET VAILILOJI
Things that are here:
a +0 giant spiked club; an ogre skeleton
Found a hand axe.
A steam dragon comes into view.
The steam dragon hisses angrily.
The steam dragon breathes steam at you. The ball of steam hits you!
The steam dragon bites you. The steam dragon closely misses you.
You slash the steam dragon!
The steam dragon is lightly wounded.
The steam dragon bites you!
The steam dragon claws you but does no damage.
You hit the steam dragon but do no damage.
The steam dragon is lightly wounded.
You block the steam dragon's attack.
The steam dragon claws you but does no damage.
You closely miss the steam dragon.
The steam dragon is lightly wounded.
You block the steam dragon's attack. The steam dragon claws you.
The steam dragon bites you!
The steam dragon claws you but does no damage.
You slash the steam dragon!
The steam dragon is severely wounded.
You block the steam dragon's attack. The steam dragon barely misses you.
You slash the steam dragon!
The steam dragon is almost dead.
The steam dragon breathes steam at you. The ball of steam hits you!
* * * LOW HITPOINT WARNING * * *
The steam dragon barely misses you. x2
You see here a scroll labelled GUOCZINTESH.
The steam dragon breathes steam at you. The ball of steam hits you!
You die...

..##### ..#..# ##.... ....##
#####.##... ....#
#..........###...#
###................###
#.##............@D##.##.#
#.#..............?§§..#...
....................§§......
<.......##.........§§§......
#..................§§.##.....
##.#..................§.......
#.##..)...........##..§......
##.##..)†).........##........#
#.#####....#####..............


You could see a steam dragon (catching breath).

Vanquished Creatures
  An ogre (D:4)
  A scorpion (D:4)
  A hound (D:4)
  An orc priest (D:3)
  Terence (D:2)
  2 hound skeletons
  4 gnolls (D:3)
  7 adders
  2 dart slugs (D:2)
  11 orcs
  5 endoplasms
  4 giant cockroaches
  6 goblins
  7 hobgoblins
  7 quokkas
  7 ball pythons
  3 bats
  2 frilled lizards (D:2)
  5 kobolds
  11 rats
88 creatures vanquished.

Vanquished Creatures (others)
  3 plants (D:2)
3 creatures vanquished.

Grand Total: 91 creatures vanquished

Notes
Turn   | Place    | Note
-------+----------+-------------------------------------------
     0 | D:1      | Metae the Minotaur Fighter began the quest for the Orb.
     0 | D:1      | Reached XP level 1. HP: 19/19 MP: 0/0
   138 | D:1      | Reached skill level 4 in Fighting
   168 | D:1      | Reached XP level 2. HP: 27/27 MP: 1/1
   631 | D:2      | Found Lanoarpho's Assorted Antiques.
   637 | D:2      | Found Jakar's Antique Weapon Shop.
   695 | D:2      | Reached XP level 3. HP: 34/34 MP: 2/2
   817 | D:2      | Found Regess's Armour Shop.
   917 | D:2      | Found Kistoff's General Store.
   920 | D:2      | Bought a scroll of identify for 22 gold pieces
   955 | D:2      | Noticed Terence
   961 | D:2      | Killed Terence
   962 | D:2      | Reached skill level 5 in Fighting
   962 | D:2      | Reached XP level 4. HP: 39/42 MP: 3/3
  1133 | D:2      | Found a faded altar of an unknown god.
  1297 | D:2      | Found Onetwell's Weapon Shoppe.
  1565 | D:3      | HP: 1/42 [gnoll/+0 spear (3)]
  1912 | D:3      | Reached XP level 5. HP: 30/48 MP: 4/4
  2316 | D:3      | Reached skill level 5 in Axes
  2714 | D:4      | Reached skill level 6 in Fighting
  2714 | D:4      | Reached XP level 6. HP: 52/57 MP: 5/5
  2880 | D:4      | Reached skill level 5 in Armour
  3227 | D:4      | Noticed a steam dragon
  3238 | D:4      | Killed from afar by a steam dragon

Illustrated notes

Levels and vault maps discovered:
D:1:      wander_arrival_peaceful_grave, layout_basic
D:2:      layout_basic, ebering_ecumenical_altar_ruins, serial_shops,
          nicolae_shop_bloodbath_and_beyond, nicolae_shop_window_shopping,
          nicolae_shop_stone, nicolae_shop_overgrown_old_shop, shop_fountains,
          minmay_indecisive_spiral, uniq_terence
D:3:      layout_basic
D:4:      layout_cave_pools, marbit_many_paths, minmay_overflow_temple_star_hex

Skill      XL: |  1  2  3  4  5  6 |
---------------+-------------------+-----
Fighting       | 4 5 6 |  6.5
Axes           | 3 4 5 |  5.8
Armour         | 4 5 |  5.1
Shields        | |  3.6

Action                   |  1- 3 |  4- 6 || total
-------------------------+-------+-------++-------
Melee: War axe           |    81 |   105 ||   186
       Headbutt          |     9 |    14 ||    23
Throw: Dart              |       |     1 ||     1
  Use: Scroll            |       |     6 ||     6
Armor: Scale mail        |    32 |    22 ||    54
       Chain mail        |       |    41 ||    41
Dodge: Dodged            |    40 |    54 ||    94
Block: Buckler           |    21 |    37 ||    58
